AoeStats
← IsraDguez

Arabia

509971434Analyzed
1v1 RM · 4d ago on Sep 28, 2026· 52m 25s· 2 players
Game mode
Random Map
Map size
Tiny (2 player)
Population
200
Speed
Normal
Resources
Standard
Victory
Conquest
Starting age
Dark Age
Ending age
Imperial Age
RankedLock teamsTeams togetherTeam positionsShared explorationLock speedFull tech treeHidden civsTurbo modeCheats
Victory
Defeat
🇲🇽 Maya · Mexico
832
+17
🇻🇪 Burmese · Venezuela
847
-17
IsraDguez
0:25 Loom
10:10 Feudal Age
15:45 Man-at-Arms
16:56 Scale Mail Armor
18:27 Fletching
21:57 Forging
24:11 Padded Archer Armor
26:34 Castle Age
27:55 Thumb Ring
27:12 Crossbowman
28:11 Leather Archer Armor
29:24 Pikeman
31:03 Double-Bit Axe
32:20 Squires
32:29 Eagle Warrior
36:53 Arson
38:10 Chain Mail Armor
38:31 Iron Casting
39:08 Wheelbarrow
45:12 Imperial Age
43:53 Ballistics
44:46 Hand Cart
46:31 Plate Mail Armor
46:44 Elite Eagle Warrior
47:50 Conscription
49:17 Holcans
52:14 Blast Furnace
Kavelord
2:29 Loom
12:41 Feudal Age
12:59 Man-at-Arms
17:34 Fletching
22:04 Wheelbarrow
27:08 Castle Age
27:16 Crossbowman
43:03 Long Swordsman
51:25 Imperial Age
52:04 Murder Holes
Connection lost

Rejoining the realm…

Still unreachable

The connection could not be restored.

Session expired

The server has moved on; the page needs a fresh start.